 Dungeon Crawl Stone Soup version 0.25-a0-589-g1e14c549ee (webtiles) character file.

Game seed: 9287067413386937866, levelgen mode: deterministic

58741 EriolAelfwine the Severer (level 14, -6/135 HPs)
             Began as a Minotaur Berserker on Mar 12, 2020.
             Was a High Priest of Trog.
             Hit by a large rock thrown by a cyclops (25 damage)
             ... on level 2 of the Orcish Mines.
             The game lasted 01:11:27 (20234 turns).

EriolAelfwine the Severer (Minotaur Berserker)     Turns: 20234, Time: 01:11:28

Health: -6/135     AC: 24    Str: 27    XL:     14   Next: 50%
Magic:  0/13       EV:  9    Int: 10    God:    Trog [*****.]
Gold:   2633       SH:  0    Dex: 10    Spells: 13/13 levels left

rFire    + . .     SeeInvis .   L - +4 executioner's axe "Gesh" {vorpal, *Rage rElec rPois Int+6}
rCold    . . .     Gourm    .   (shield currently unavailable)
rNeg     . . .     Faith    +   t - +4 plate armour {MR+}
rPois    +         Spirit   +   (helmet restricted)
rElec    +         Reflect  .   b - scarf {Spirit}
rCorr    .         Harm     .   l - +0 pair of gloves
MR       ++++.     Rnd*Rage +   x - +0 pair of boots
Stlth    ..........             v - amulet of faith
HPRegen  1.32/turn              d - ring of protection from fire
MPRegen  0.13/turn              y - +1 ring of slaying

@: berserk cooldown, regenerating, slowed, very slow
A: retaliatory headbutt, horns 2
a: Berserk, Trog's Hand, Brothers in Arms, Renounce Religion


You were on level 2 of the Orcish Mines.
You worshipped Trog.
Trog was extremely pleased with you.
You were not hungry.

You visited 4 branches of the dungeon, and saw 20 of its levels.
You also visited: Ossuary and Ice Cave.

You collected 3053 gold pieces.
You spent 420 gold pieces at shops.

Inventory:

Hand Weapons
 L - the +4 executioner's axe "Gesh" (weapon) {vorpal, *Rage rElec rPois Int+6}
   (Trog gifted it to you on level 11 of the Dungeon)

   It inflicts extra damage upon your enemies.
   It affects your intelligence (+6).
   It insulates you from electricity.
   It protects you from poison.
   It may make you go berserk in combat.
 S - a +0 flail
 V - a +0 broad axe
Missiles
 k - 65 poisoned darts (quivered)
Armour
 b - a scarf of spirit shield (worn)
 l - a +0 pair of gloves (worn)
 p - a scarf of repulsion
 t - a +4 plate armour of magic resistance (worn)
 x - a +0 pair of boots (worn)
Jewellery
 d - a ring of protection from fire (left hand)
 f - an uncursed ring of protection from cold
 v - an amulet of faith (around neck)
 y - a +1 ring of slaying (right hand)
 N - an uncursed ring of protection from magic
 Y - an uncursed ring of resist corrosion
 Z - an uncursed ring of positive energy
Wands
 e - a wand of disintegration (24)
 m - a wand of clouds (9)
 P - a wand of iceblast (9)
 W - a wand of digging (5)
Scrolls
 h - 14 scrolls of teleportation
 i - 4 scrolls of fear
 o - 2 scrolls of magic mapping
 q - 2 scrolls of enchant weapon
 A - 6 scrolls of remove curse
 B - 4 scrolls of immolation
 C - 2 scrolls of torment
 I - 3 scrolls of fog
 K - 2 scrolls of summoning
 Q - a scroll of brand weapon
 R - a scroll of vulnerability
 T - 3 scrolls of identify
 U - a scroll of holy word
Potions
 a - 3 potions of mutation
 g - 12 potions of curing
 j - 5 potions of heal wounds
 n - 3 potions of might
 r - 4 potions of haste
 s - 4 potions of flight
 u - a potion of berserk rage
 w - a potion of resistance
 z - a potion of stabbing
 D - 2 potions of brilliance {unknown}
 E - 2 potions of lignification
 G - 2 potions of cancellation
Comestibles
 c - 25 rations


   Skills:
 + Level 15.3 Fighting
 * Level 19.9 Axes
 + Level 15.1 Armour
 - Level 2.1 Dodging


You had 13 spell levels left.
You didn't know any spells.
Your spell library was empty.

Dungeon Overview and Level Annotations

Branches:
Dungeon (11/15)            Temple (1/1) D:4            Lair (6/6) D:11
 Shoals (0/4) Lair:3        Snake (0/4) Lair:4        Slime (0/5) Lair:5
    Orc (2/2) D:9         Ossuary (visited)           IceCv (visited)
    Elf: Orc:2

Altars:
Ashenzari
Cheibriados
Dithmenos
Elyvilon
Fedhas
Gozag
Hepliaklqana
Kikubaaqudgha
Makhleb
Nemelex Xobeh
Okawaru
Qazlal
Ru
Sif Muna
Trog
Uskayaw
Vehumet
Wu Jian
Xom
Yredelemnul
Zin
The Shining One
Jiyva

Shops:
D:7 [   Orc:2 :

Annotations:
Lair:3 exclusion: oklob plant


Innate Abilities, Weirdness & Mutations

You reflexively headbutt those who attack you in melee.
You have a pair of horns on your head.


Message History

The fungus is almost destroyed.
You slash the fungus!
The cyclops throws a large rock.
The large rock hits you but does no damage.
The cyclops throws a large rock.
The large rock hits you!!
* * * LOW HITPOINT WARNING * * *
The cyclops throws a large rock.
The large rock hits you!
* * * LOW HITPOINT WARNING * * *
You see here a large rock.
You feel much better.
The cyclops throws a large rock.
The large rock hits you!
* * * LOW HITPOINT WARNING * * *
You feel much better.
The cyclops throws a large rock.
The large rock hits you!!
* * * LOW HITPOINT WARNING * * *
An ettin comes into view.
It is wielding a +0 dire flail and a -2 dire flail.
Your skin crawls.
You feel resistant to hostile enchantments.
You feel somewhat more hungry.
The ettin shouts in stereo!
The cyclops throws a large rock.
The large rock hits you!!
You die...

...#....().......
.........(..$....
.........)....<..
...#...<.$.$.....
#.......(........
...P..P..).......
.........))......
...P.....(....#.#
.......@P.....###
........(P.......
..8P.∩....P......
..........P....$.
P.........PC.....
....P..P.....#...
.......P..C......
.........C..##.#.
............ ..


You could see an ettin and 2 cyclopes.

Vanquished Creatures
  Nessos (Lair:6)
  Snorg (Lair:4)
  An ettin (Orc:2)
  Josephine (Lair:6)
  6 hydras
  A catoblepas (Lair:6)
  A two-headed ogre (D:8)
  A deep troll shaman (Lair:6)
  9 death yaks (Lair:6)
  A queen ant (Lair:2)
  Nergalle (D:11)
  An unseen horror (D:11)
  Pikel (D:5)
  2 necromancers
  An oklob plant (Lair:5)
  3 cyclopes
  3 manticores
  13 elephants
  5 black mambas
  A guardian serpent (Lair:4)
  3 ice statues (IceCv)
  6 spiny frogs
  3 rime drakes
  9 ice devils (IceCv)
  3 komodo dragons
  A troll (Orc:1)
  2 hornets
  Grinder (D:6)
  15 blink frogs
  10 hippogriffs
  A spriggan (D:8)
  A shadow (D:11)
  A wyvern (D:8)
  21 yaks
  A vampire (D:10)
  4 wraiths
  5 basilisks
  3 hungry ghosts
  2 wargs (Orc:1)
  4 soldier ants
  9 water moccasins
  19 porcupines
  4 ice beasts
  7 sky beasts
  7 black bears
  6 orc warriors
  2 elephant zombies (Lair:5)
  4 slaves (D:5)
  4 necrophages
  7 centaurs
  10 ogres
  10 wolves
  10 crocodiles
  Blork the orc (D:4)
  A big kobold (D:9)
  2 elf zombies (Ossuary)
  A wyvern zombie (D:11)
  18 bullfrogs
  4 scorpions
  37 killer bees
  3 wights (D:11)
  6 electric eels
  5 howler monkeys
  5 crimson imps
  A quasit (D:7)
  A centaur zombie (Ossuary)
  11 orc priests
  2 draconian simulacra (IceCv)
  2 basilisk zombies (Lair:5)
  2 hounds
  A human zombie (Ossuary)
  A bullfrog skeleton (D:3)
  19 orc wizards
  A gnoll shaman (D:8)
  5 iguanas
  A spriggan simulacrum (IceCv)
  A troll simulacrum (IceCv)
  12 worker ants
  A big kobold zombie (Ossuary)
  A centaur simulacrum (IceCv)
  3 mummies
  16 adders
  6 gnolls
  4 naga simulacra (IceCv)
  An ogre simulacrum (IceCv)
  An ooze (D:4)
  An adder skeleton (D:8)
  An adder zombie (Ossuary)
  A worm (D:2)
  5 dart slugs
  3 leopard geckos
  57 orcs
  3 giant cockroaches
  4 goblins
  4 hobgoblins
  10 jackals
  A quokka (D:7)
  7 bats
  2 frilled lizards
  2 goblin zombies (Ossuary)
  9 hobgoblin zombies (Ossuary)
  A jackal zombie (Ossuary)
  8 kobolds
  11 kobold zombies (Ossuary)
  7 orc zombies (Ossuary)
  8 rats
  A rat zombie (Ossuary)
  7 fungi
  7 plants
585 creatures vanquished.

Vanquished Creatures (collateral kills)
  2 electric eels (Lair:5)
2 creatures vanquished.

Vanquished Creatures (others)
  32 fungi
  8 plants
40 creatures vanquished.

Grand Total: 627 creatures vanquished

Notes
Turn   | Place    | Note
-------+----------+-------------------------------------------
     0 | D:1      | EriolAelfwine the Minotaur Berserker began the quest for
                  | the Orb.
     0 | D:1      | Reached XP level 1. HP: 19/19 MP: 0/0
   313 | D:1      | Reached XP level 2. HP: 27/27 MP: 1/1
   520 | D:1      | Reached skill level 4 in Axes
   750 | D:2      | Reached XP level 3. HP: 17/33 MP: 2/2
  1003 | D:2      | Found a burning altar of Makhleb.
  1005 | D:2      | Reached XP level 4. HP: 40/41 MP: 3/3
  1295 | D:2      | Reached ** piety under Trog
  1421 | D:2      | Reached skill level 5 in Axes
  1491 | D:3      | Noticed a hornet
  1497 | D:3      | Paralysed by a hornet for 1 turns
  1502 | D:3      | Killed a hornet
  1502 | D:3      | Reached skill level 5 in Fighting
  1502 | D:3      | Reached skill level 5 in Armour
  1502 | D:3      | Reached XP level 5. HP: 26/50 MP: 0/4
  1502 | D:3      | Reached XP level 6. HP: 30/57 MP: 0/5
  1735 | D:3      | Found a glowing golden altar of the Shining One.
  1960 | D:3      | Found an opulent altar of Gozag.
  2602 | D:4      | Reached skill level 6 in Axes
  2736 | D:4      | Noticed Blork the orc
  2742 | D:4      | Killed Blork the orc
  2742 | D:4      | Reached XP level 7. HP: 63/63 MP: 6/6
  3069 | D:4      | Reached skill level 7 in Axes
  3097 | D:4      | Found a snail-covered altar of Cheibriados.
  3117 | D:4      | Found a staircase to the Ecumenical Temple.
  3131 | Temple   | Entered the Ecumenical Temple
  3430 | D:4      | Found a glowing silver altar of Zin.
  3431 | D:4      | Found a burning altar of Makhleb.
  3432 | D:4      | Found a bloodstained altar of Trog.
  3537 | D:5      | Entered Level 5 of the Dungeon
  3635 | D:5      | Noticed Pikel
  3652 | D:5      | Killed Pikel
  3652 | D:5      | Reached skill level 8 in Axes
  3652 | D:5      | Reached XP level 8. HP: 73/73 MP: 7/7
  3869 | D:5      | Found a sand-covered staircase.
  3879 | Ossuary  | Entered an ossuary
  3888 | Ossuary  | Reached *** piety under Trog
  4086 | Ossuary  | Reached skill level 9 in Axes
  4116 | Ossuary  | Reached **** piety under Trog
  4430 | D:5      | Found a sacrificial altar of Ru.
  4815 | D:6      | Reached skill level 10 in Axes
  4815 | D:6      | Reached XP level 9. HP: 82/82 MP: 8/8
  5353 | D:6      | Noticed Grinder
  5432 | D:6      | Killed Grinder
  5598 | D:6      | Reached skill level 11 in Axes
  6534 | D:7      | Found a sparkling altar of Nemelex Xobeh.
  6564 | D:7      | Reached skill level 12 in Axes
  6564 | D:7      | Reached XP level 10. HP: 92/92 MP: 9/9
  6573 | D:7      | Found Tavvuma's Armour Boutique.
  6768 | D:8      | Reached ***** piety under Trog
  6768 | D:8      | Received a gift from Trog
  7176 | D:8      | Identified a scroll of acquirement
  7221 | D:8      | Noticed a two-headed ogre
  7252 | D:8      | Killed a two-headed ogre
  7252 | D:8      | Reached skill level 10 in Fighting
  7321 | D:8      | Reached skill level 10 in Armour
  7543 | D:8      | Reached skill level 13 in Axes
  8083 | D:9      | Received a gift from Trog
  8260 | D:9      | Reached XP level 11. HP: 48/102 MP: 3/10
  8491 | D:9      | Received a gift from Trog
  8544 | D:9      | Found an ancient bone altar of Kikubaaqudgha.
  8622 | D:9      | Found a staircase to the Orcish Mines.
  8666 | D:9      | Reached skill level 14 in Axes
  9170 | D:9      | Found a glowing silver altar of Zin.
  9322 | D:10     | Entered Level 10 of the Dungeon
 10452 | D:7      | Bought a +1 plate armour of magic resistance for 420 gold
                  | pieces
 10864 | D:11     | Received a gift from Trog
 10869 | D:11     | Reached skill level 15 in Axes
 10885 | D:11     | Got an ebony executioner's axe {god gift}
 10886 | D:11     | Identified the +4 executioner's axe "Gesh" {vorpal, *Rage
                  | rElec rPois Int+6} (Trog gifted it to you on level 11 of
                  | the Dungeon)
 11046 | D:11     | Found a staircase to the Lair.
 11050 | D:11     | Killed an unseen horror
 11266 | D:11     | Noticed Nergalle
 11276 | D:11     | Killed Nergalle
 11498 | Lair:1   | Entered Level 1 of the Lair of Beasts
 11515 | Lair:1   | Reached XP level 12. HP: 112/112 MP: 6/11
 11626 | Lair:1   | Reached skill level 16 in Axes
 12354 | Lair:2   | Received a gift from Trog
 12354 | Lair:2   | Noticed a five-headed hydra
 12665 | Lair:1   | Killed a six-headed hydra
 12990 | Lair:2   | Got a translucent chain mail
 13001 | Lair:2   | Identified the +6 chain mail of the Sailor {rF+ Dex+2} (You
                  | found it on level 2 of the Lair of Beasts)
 13127 | Lair:2   | Reached skill level 17 in Axes
 13160 | Lair:2   | Noticed a queen ant
 13171 | Lair:2   | Killed a queen ant
 13195 | Lair:2   | Got a crude chain mail
 13250 | Lair:2   | Identified the +0 chain mail "Dipn" {rPois Slay+2} (You
                  | found it on level 2 of the Lair of Beasts)
 13811 | Lair:3   | Noticed a five-headed hydra
 13821 | Lair:3   | Killed a seven-headed hydra
 13892 | Lair:3   | Found a staircase to the Shoals.
 13926 | Lair:3   | Reached XP level 13. HP: 122/122 MP: 12/12
 14769 | Lair:3   | Identified the amulet "Oqaal" {Harm *Drain +Fly rElec Int+3
                  | Slay-2 SInv} (You acquired it on level 3 of the Lair of
                  | Beasts)
 15294 | Lair:4   | Found a staircase to the Snake Pit.
 15302 | Lair:4   | Reached skill level 18 in Axes
 15417 | Lair:4   | Noticed Snorg
 15423 | Lair:4   | Killed Snorg
 15808 | Lair:5   | Found a viscous altar of Jiyva.
 15821 | Lair:5   | Found a staircase to the Slime Pits.
 16165 | Lair:5   | You fall into a shaft and drop 1 floor!
 16165 | Lair:6   | Entered Level 6 of the Lair of Beasts
 16605 | Lair:5   | You fall into a shaft and drop 1 floor!
 17854 | Lair:6   | Noticed Josephine
 17863 | Lair:6   | Killed Josephine
 17865 | Lair:6   | Reached skill level 19 in Axes
 17890 | Lair:6   | Noticed Nessos
 17911 | Lair:6   | Killed Nessos
 18340 | Lair:6   | Reached XP level 14. HP: 114/133 MP: 11/13
 18786 | Lair:6   | Reached skill level 15 in Fighting
 19303 | Orc:1    | Entered Level 1 of the Orcish Mines
 19359 | Orc:1    | Found a frozen archway.
 19369 | IceCv    | Entered an ice cave
 19659 | IceCv    | Reached skill level 15 in Armour
 20202 | Orc:2    | Entered Level 2 of the Orcish Mines
 20202 | Orc:2    | Found Bague's Book Boutique.
 20207 | Orc:2    | Received a gift from Trog
 20234 | Orc:2    | Hit by a large rock thrown by a cyclops

Levels and vault maps discovered:
D:1:      eino_arrival_cavern_b, layout_loops_ring, serial_bayou_pond_e,
          nrook_campfire
D:2:      layout_basic, makhleb_blood_cavern_becter
D:3:      layout_basic, lemuel_round_altar, tso_metal_star
D:4:      layout_loops_ring, cheibriados_altar_1,
          gammafunk_temple_overflow_claw, minmay_temple_entry_antechambers,
          first_ration, chequers_serial_rivers_small_3,
          kennysheep_decorative_pillar, kennysheep_cross_room,
          uniq_blork_the_orc
D:5:      layout_cave_pools, nicolae_ru_path_of_blood,
          gup_ossuary_entry_pyramid, uniq_pikel
D:6:      layout_basic, solitary_fountain, serial_bayou_ford_a, uniq_grinder
D:7:      layout_basic, nemelex_xobeh_ov_fountains_minmay, serial_shops,
          nicolae_shop_waterfront
D:8:      minmay_slanted_spiral_squares, layout_basic, the_bakery
D:9:      layout_gridville, old_standard_altar, hiddenorc1_lemuel, basic_altar,
          chequers_serial_rivers_micro_a
D:10:     layout_irregular_city
D:11:     layout_irregular_city, due_lair_maze_entry_diamond, uniq_nergalle
Temple:   zaba_magenta_temple
Lair:1:   layout_long_grid, grunt_megastairs_5, infiniplex_staircase_pool_2
Lair:2:   layout_chaotic_city, nicolae_lair_grove_arrangements,
          wad_woods_antlair, serial_bayou_shore_a
Lair:3:   layout_regular_city, minmay_shoals_entry_beasts, beast_lair_carwin_9,
          grunt_megastairs_4, minmay_lair_oklob_chamber,
          infiniplex_staircase_pool
Lair:4:   layout_small_grid, minmay_snake_entry_spellcaster, uniq_snorg
Lair:5:   pond_and_an_island_with_a_cottage, layout_small_grid, slime_altar_1,
          wad_woods_river_01
Lair:6:   grunt_lair_end_beastmaster, layout_gridlike, uniq_josephine,
          uniq_nessos
Orc:1:    layout_caves, portal_ice_cave_entry_pillars_1, uniq_urug
Orc:2:    grunt_orc_gardens, layout_caves, grunt_orc_garden, grunt_orc_garden,
          grunt_orc_garden, grunt_orc_garden, special_room

Skill      XL: |  1  2  3  4  5  6  7  8  9 10 11 12 13 14 |
---------------+-------------------------------------------+-----
Fighting       | 4 5 6 7 8 9 11 12 13 14 15 | 15.3
Axes           | 4 5 6 8 10 12 13 15 17 19 | 19.9
Armour         | 3 5 6 7 9 10 12 13 14 15 | 15.1
Dodging        | |  2.1

Action                   |  1- 3 |  4- 6 |  7- 9 | 10-12 | 13-15 || total
-------------------------+-------+-------+-------+-------+-------++-------
Melee: Hand axe          |    52 |   112 |    32 |       |       ||   196
       Headbutt          |     7 |    14 |    64 |    74 |    88 ||   247
       War axe           |       |       |   258 |    16 |       ||   274
       Battleaxe         |       |       |       |   298 |       ||   298
       Executioner's axe |       |       |       |   222 |   322 ||   544
       Mace              |       |       |       |     9 |       ||     9
       Flail             |       |       |       |       |    20 ||    20
Invok: Berserk           |     1 |     2 |     7 |     5 |       ||    15
       Trog's Hand       |       |     3 |     7 |    20 |     8 ||    38
       Brothers in Arms  |       |       |       |       |     1 ||     1
  Use: Scroll            |       |       |    15 |     4 |    16 ||    35
       Potion            |       |       |       |       |     2 ||     2
  Eat: Chunk             |     1 |     7 |    22 |    32 |    19 ||    81
       Ration            |       |       |       |     3 |     2 ||     5
Armor: Scale mail        |    18 |    57 |    93 |     6 |       ||   174
       Animal skin       |     3 |       |       |       |       ||     3
       Plate armour      |       |       |       |   584 |   275 ||   859
Dodge: Dodged            |    25 |    52 |   137 |   333 |   158 ||   705

Table legend:
 A = Non-vault XP
 B = Vault XP
 C = Vault XP percentage of total XP
 D = Non-vault monster count
 E = Vault monster count
 F = Vault count percentage of total count
                 A         B        C        D         E       F
            +---------+---------+-------+---------+---------+-------
      Total |   49250 |   34667 |  41.3 |     401 |     168 |  29.5
            +---------+---------+-------+---------+---------+-------
        D:1 |      24 |       0 |   0.0 |      13 |       0 |   0.0
        D:2 |     129 |      40 |  23.7 |      24 |       1 |   4.0
        D:3 |     355 |       0 |   0.0 |      15 |       0 |   0.0
        D:4 |     454 |     100 |  18.1 |      26 |       1 |   3.7
        D:5 |     398 |     633 |  61.4 |      12 |       2 |  14.3
        D:6 |    1426 |     281 |  16.5 |      26 |       1 |   3.7
        D:7 |    1496 |       0 |   0.0 |      21 |       0 |   0.0
        D:8 |    1739 |    2023 |  53.8 |      27 |      13 |  32.5
        D:9 |    4070 |     217 |   5.1 |      57 |      17 |  23.0
       D:10 |    1226 |     363 |  22.8 |      20 |       3 |  13.0
       D:11 |    4141 |    2148 |  34.2 |      32 |       7 |  17.9
     Lair:1 |    6285 |     409 |   6.1 |      25 |       2 |   7.4
     Lair:2 |    4403 |    1589 |  26.5 |      24 |      11 |  31.4
     Lair:3 |    5405 |    3105 |  36.5 |      15 |      12 |  44.4
     Lair:4 |    4601 |    1597 |  25.8 |      17 |       2 |  10.5
     Lair:5 |    4298 |    1375 |  24.2 |      12 |       8 |  40.0
     Lair:6 |    7232 |   12915 |  64.1 |      22 |      23 |  51.1
      Orc:1 |     985 |       0 |   0.0 |       6 |       0 |   0.0
      Orc:2 |     583 |    2203 |  79.1 |       7 |       3 |  30.0
    Ossuary |       0 |     382 | 100.0 |       0 |      39 | 100.0
      IceCv |       0 |    5287 | 100.0 |       0 |      23 | 100.0
            +---------+---------+-------+---------+---------+-------
